Map: Ulrena

Players

ILLBdA - Winner!

  • Race: Protoss Protoss
  • League: Diamond

gholiat

  • Race: Protoss Protoss
  • League: Diamond

VOD

Have the link to the VOD?

Description

Time

  • Played on: Dec. 28, 2015, 11:58 a.m.
  • Length: 5:02
Show
View Real Time Build Order
Export as new Build Order

ILLBdA Protoss - Winner!

Build Orders:  

Get SALT Encoding   

  12  0:01  Probe (Chrono Boost)  
  13  0:11  Probe (Chrono Boost)  
  14  0:19  Pylon  
  14  0:22  Probe (Chrono Boost)  
  15  0:37  Probe (Chrono Boost)  
  15  0:40  Forge  
  16  0:48  Probe (Chrono Boost)  
  17  1:07  Pylon  
  17  1:10  Pylon  
  17  1:12  Probe (Chrono Boost), Pylon  
  17  1:17  Photon Cannon  
  18  1:31  Photon Cannon  
  17  1:46  Pylon  
  17  1:49  Probe (Chrono Boost)  
  18  2:02  Gateway  
  18  2:04  Assimilator  
  18  2:05  Probe (Chrono Boost)  
  19  2:11  Assimilator  
  19  2:16  Probe (Chrono Boost)  
  20  2:29  Probe (Chrono Boost)  
  21  2:39  Gateway  
  21  2:41  Probe (Chrono Boost)  
  22  2:49  Cybernetics Core  
  22  2:52  Probe (Chrono Boost)  
  23  3:11  Probe (Chrono Boost)  
  24  3:14  Nexus  
  24  3:25  Stalker  
  26  3:29  Adept  
  28  3:47  Mothership Core (Chrono Boost)  
  30  3:51  Stargate  
  30  4:00  Stalker  
  32  4:07  Probe (Chrono Boost)  
  33  4:16  Pylon  
  33  4:18  Stalker  
  35  4:30  Adept  
  35  4:34  Probe x2 (Chrono Boost)  
  35  4:47  Probe  
Show
View Real Time Build Order
Export as new Build Order

gholiat Protoss 

Build Orders:  

Get SALT Encoding   

  12  0:01  Probe (Chrono Boost)  
  13  0:11  Probe (Chrono Boost)  
  14  0:22  Pylon  
  14  0:23  Probe (Chrono Boost)  
  15  0:40  Probe (Chrono Boost)  
  16  0:47  Forge  
  16  1:07  Pylon  
  16  1:08  Pylon  
  16  1:09  Pylon  
  16  1:12  Probe (Chrono Boost)  
  17  1:28  Photon Cannon  
  17  1:54  Nexus  
  16  2:40  Assimilator  
  16  2:46  Assimilator  
  15  2:58  Gateway  
  15  3:04  Probe (Chrono Boost)  
  16  3:13  Probe (Chrono Boost)  
  17  3:24  Probe (Chrono Boost)  
  18  3:35  Probe (Chrono Boost)  
  18  3:41  Pylon  
  18  3:49  Cybernetics Core  
  18  3:50  Probe (Chrono Boost)  
  19  4:00  Probe (Chrono Boost)  
  20  4:11  Probe (Chrono Boost)  
  20  4:14  Pylon  
  21  4:21  Gateway  
Tags
 
Matchup
PvP
Replay Pack
me
Add a new tag
Caveats
  • Supply blocks, unpowered buildings, or Contaminate may cause inaccurate times.
  • Supply counts are checked every 10 seconds.